 Dungeon Crawl Stone Soup version 0.28-a0-1130-gc51a68064b (webtiles) character file.

Game seed: 11965098932142820927

220008 ytrimaz the Warrior (level 18, -15/135 (159) HPs)
             Began as a Demonspawn Fighter on Dec 12, 2021.
             Was the Champion of Ru.
             Demolished by a bunyip (21 damage)
             ... called by a spriggan druid
             ... while paralysed by a hornet
             ... on level 4 of the Swamp on Dec 13, 2021.
             The game lasted 00:59:04 (30156 turns).

ytrimaz the Warrior (Demonspawn Fighter)           Turns: 30156, Time: 00:59:05

HP:   -15/135 (159) AC: 32    Str: 26    XL:     18   Next: 2%
MP:   19/27         EV: -1    Int: 11    God:    Ru [******]
Gold: 3934          SH:  0    Dex: 13    Spells: 17/17 levels left

rFire   . . .      SeeInvis +   Q - +2 broad axe of Xobb {flame, rC+ Will+}
rCold   + + +      Faith    .   c - +0 buckler
rNeg    + . .      Spirit   .   W - +1 plate armour {Will+}
rPois   .          Reflect  .   (helmet unavailable)
rElec   .          Harm     .   k - +1 cloak
rCorr   +          Rampage  .   n - +2 pair of gloves {Str+3}
Will    +++..                   i - +2 pair of boots
Stlth   ..........              d - amulet of regeneration
HPRegen 4.12/turn               I - ring "Xianyn" {Ice rN+ rCorr MP+9}
MPRegen 0.20/turn               M - ring of Facwaygu {Wiz rF+ rC+}

@: paralysed, agile, exhausted, grasped by roots, horrified, constricted,
heavily drained
A: antennae 3, icy blue scales 3, powered by death 2, powered by pain 2,
augmentation 1, inability to use devices, hated by all, cowardly, inability to
train dodging, no ice magic, no necromancy magic, no transmutations magic, cold
resistance 1
}: 2/15 runes: decaying, gossamer
a: Renounce Religion, Draw Out Power, Power Leap, Apocalypse


You were on level 4 of the Swamp.
You worshipped Ru.
Ru was exalted by your worship.
You visited 6 branches of the dungeon, and saw 32 of its levels.

You collected 4597 gold pieces.
You spent 663 gold pieces at shops.

Inventory:

Hand Weapons
 r - the +5 mace "ytrimaz's Foe" {freeze, rPois}
   (You found it on level 4 of the Dungeon)

   It freezes those it strikes, dealing additional cold damage.
   It can also slow down cold-blooded creatures.
   rPois:     It protects you from poison.
 t - a +1 broad axe of flaming
 Q - the +2 broad axe of Xobb (weapon) {flame, rC+ Will+}
   (You found it on level 14 of the Dungeon)

   It burns those it strikes, dealing additional fire damage.
   Big, fiery blades are also staple armaments of hydra-hunters.
   rC:        It protects you from cold.
   Will:      It increases your willpower.
 U - a +2 executioner's axe of draining
Armour
 c - a +0 buckler (worn)
 e - +0 swamp dragon scales
 i - a +2 pair of boots (worn)
 k - a +1 cloak (worn)
 n - a +2 pair of gloves of strength (worn)
 u - a +0 plate armour
 L - the +18 shield of the Gong {rElec rN+ Will+ EV-5}
   (You found it on level 1 of the Lair of Beasts)

   It is deafeningly noisy when blocking attacks.
   EV:        It affects your evasion (-5).
   rElec:     It insulates you from electricity.
   rN:        It protects you from negative energy.
   Will:      It increases your willpower.
 W - a +1 plate armour of willpower (worn)
Jewellery
 b - a +6 ring of intelligence
 d - an amulet of regeneration (around neck)
 l - a ring of willpower
 I - the ring "Xianyn" (left hand) {Ice rN+ rCorr MP+9}
   (You found it on level 9 of the Dungeon)

   [ring of ice]

   It enhances your ice magic.
   rF:        It makes you vulnerable to fire.
   rC:        It protects you from cold.
   rN:        It protects you from negative energy.
   MP:        It affects your magic capacity (+9).
   rCorr:     It protects you from acid and corrosion.
 J - a ring of protection from cold
 K - a ring of protection from fire
 M - the ring of Facwaygu (right hand) {Wiz rF+ rC+}
   (You found it on level 13 of the Dungeon)

   [ring of wizardry]

   It improves your spell success rate.
   rF:        It protects you from fire.
   rC:        It protects you from cold.
 N - a +4 ring of evasion
 S - a +4 ring of protection
 T - a +4 ring of slaying
 V - a +6 ring of strength
Scrolls
 a - 3 scrolls of silence
 j - 16 scrolls of teleportation
 o - 2 scrolls of enchant armour
 p - 23 scrolls of identify
 s - 5 scrolls of amnesia
 w - 2 scrolls of fog
 y - 6 scrolls of magic mapping
 C - 3 scrolls of fear
 P - 3 scrolls of blinking
 X - a scroll of brand weapon
Potions
 f - a potion of lignification
 g - 3 potions of heal wounds
 h - 6 potions of brilliance
 m - a potion of berserk rage
 q - 2 potions of curing
 z - 4 potions of mutation
 B - 2 potions of haste
 D - 3 potions of magic
 F - 2 potions of cancellation
 G - 4 potions of attraction
 H - 3 potions of might
 O - 4 potions of ambrosia
 R - 5 potions of resistance
 Y - a potion of flight


   Skills:
 + Level 18.9 Fighting
 - Level 18.7 Axes
 + Level 16.4 Armour
 * Level 10.7 Shields


You had 17 spell levels left.
You didn't know any spells.
Your spell library contained the following spells:

 Spells                   Type           Power      Damage    Failure   Level
 Apportation              Tloc           0%         N/A       61%         1
 Foxfire                  Conj/Fire      0%         2x1d4     61%         1
 Magic Dart               Conj           0%         1d3       61%         1
 Sandblast                Erth           0%         2d4       61%         1
 Poisonous Vapours        Pois/Air       0%         N/A       75%         2
 Searing Ray              Conj           0%         2d4       75%         2
 Static Discharge         Conj/Air       0%         N/A       75%         2
 Conjure Flame            Conj/Fire      0%         6-21      92%         3
 Dazzling Flash           Conj/Hex       0%         N/A       92%         3
 Mephitic Cloud           Conj/Pois/Air  0%         N/A       92%         3
 Portal Projectile        Hex/Tloc       0%         N/A       92%         3
 Stone Arrow              Conj/Erth      0%         3d7       92%         3
 Airstrike                Air            0%         N/A       100%        4
 Fulminant Prism          Conj/Hex       0%         3d6       100%        4
 Iskenderun's Mystic Bla  Conj/Tloc      0%         2d3       100%        4
 Leda's Liquefaction      Hex/Erth       0%         N/A       100%        4
 Sticky Flame             Conj/Fire      0%         2d3       100%        4
 Lee's Rapid Deconstruct  Erth           0%         3d5*      100%        5
 Lightning Bolt           Conj/Air       0%         1d11      100%        5
 Iron Shot                Conj/Erth      0%         9d1       100%        6
 Starburst                Conj/Fire      0%         6d3       100%        6
 Fire Storm               Conj/Fire      0%         5d1       100%        9
 Corpse Rot               Necr/Air       Unusable   N/A       N/A         2
 Ensorcelled Hibernation  Hex/Ice        Unusable   N/A       N/A         2
 Passwall                 Tmut/Erth      Unusable   N/A       N/A         2
 Call Canine Familiar     Summ           Unusable   N/A       N/A         3
 Ignite Poison            Fire/Tmut/Pois Unusable   N/A       N/A         3
 Tukima's Dance           Hex            Unusable   N/A       N/A         3
 Animate Armour           Summ/Erth      Unusable   N/A       N/A         4
 Animate Dead             Necr           Unusable   N/A       N/A         4
 Dispel Undead            Necr           Unusable   3d6       N/A         4
 Summon Lightning Spire   Summ/Air       Unusable   N/A       N/A         4
 Alistair's Intoxication  Tmut/Pois      Unusable   N/A       N/A         5
 Blade Hands              Tmut           Unusable   N/A       N/A         5
 Excruciating Wounds      Necr           Unusable   N/A       N/A         5
 Freezing Cloud           Conj/Ice/Air   Unusable   6-21      N/A         5
 Irradiate                Conj/Tmut      Unusable   3d14      N/A         5
 Summon Forest            Summ/Tloc      Unusable   N/A       N/A         5
 Summon Mana Viper        Hex/Summ       Unusable   N/A       N/A         5
 Summon Cactus Giant      Summ           Unusable   N/A       N/A         6

Dungeon Overview and Level Annotations

Branches:
Dungeon (15/15)            Temple (1/1) D:5            Lair (6/6) D:10
  Swamp (4/4) Lair:2       Spider (4/4) Lair:2        Slime (0/5) Lair:5
    Orc (2/2) D:10            Elf (0/3) Orc:2        Vaults (0/5) D:13
 Depths (0/4) D:15

Altars:
Ashenzari
Cheibriados
Dithmenos
Elyvilon
Fedhas
Gozag
Hepliaklqana
Kikubaaqudgha
Makhleb
Nemelex Xobeh
Okawaru
Qazlal
Ru
Sif Muna
Trog
Uskayaw
Vehumet
Wu Jian
Xom
Yredelemnul
Zin
The Shining One
Beogh

Shops:
Orc:2 [!!=

Annotations:
Lair:3 2 transporters, Strewth's ghost, journeyman MiBe
Swamp:4 exclusion: oklob plant
Spider:4 3 runed translucent doors, Zogeunol's ghost, adept VSFi


Innate Abilities, Weirdness & Mutations

You have a pair of large antennae on your head. (SInv)
You are completely covered in icy blue scales. (AC +4, rC+)
You regenerate health from kills.
You sometimes gain power by taking damage.
Your magical and physical power is slightly enhanced at high health.
You cannot study or use magical devices.
You are hated by all.
Your cowardice makes you less effective in combat with threatening foes.
You cannot train Dodging skill.
You cannot study or cast Ice magic.
You cannot study or cast Necromancy magic.
You cannot study or cast Transmutations magic.
Your flesh is cold resistant. (rC+)


Message History

You burn the shambling mangrove.
You destroy the shambling mangrove!
Angry insects surge out from beneath the shambling mangrove's foliage!
The grasping roots constrict you.
* * * LOW HITPOINT WARNING * * *
Unknown command.
You hit the bunyip. You burn the bunyip.
The bunyip is lightly wounded.
You redirect the bunyip's attack!
The bunyip barely misses itself.
The bunyip claws itself!!
The bunyip closely misses itself.
Unknown command.
You slash the bunyip! You burn the bunyip.
The bunyip is heavily wounded.
You slash the hornet! You burn the hornet. The grasping roots constrict you.
* * * LOW HITPOINT WARNING * * *
The hornet stings you but does no damage.
Unknown command.
Unknown command.
Okay, then.
You slice the hornet!! You burn the hornet.
The hornet is almost dead.
You closely miss the bunyip.
The hornet stings you but does no damage.
Unknown command.
Unknown command.
You slice the bunyip!! You burn the bunyip.
The bunyip is severely wounded.
You hit the hornet but do no damage. The grasping roots constrict you!
* * * LOW HITPOINT WARNING * * *
The hornet stings you.
* * * LOW HITPOINT WARNING * * *
You suddenly lose the ability to move!
The hornet stings you but does no damage.
The grasping roots constrict you!
* * * LOW HITPOINT WARNING * * *
The bunyip claws you!!
* * * LOW HITPOINT WARNING * * *
The bunyip claws you!!
You die...

≈..≈#
♣#≈f..≈≈≈###♣.≈≈...≈≈..≈≈≈.
≈..#
#♣..f≈.≈..≈≈♣##{./...≈......
..# ♣.≈.≈.≈≈≈..≈#
♣≈..≈≈...≈.... ♣..♣♣♣#.≈≈..#
###.......)..≈ ♣.≈
♣##≈#.######≈≈..≈.≈≈≈/ .ff.
###.f..# ###≈≈..≈≈.. .♣...
#####...♣## ##≈.≈.≈.≈ ..
.≈.≈ #.♣.xyy##.# #...≈..≈ .
..≈{♣ ##..@8....# #.....≈≈
.≈Pf. #.♣..÷.♣.# #≈..≈..≈ {
{ #...§_...# #....≈.≈ {
#..8§÷8.## #.≈≈.≈.≈
####..≈### #..≈.... #....≈.#
##....≈.≈ ##.##### #≈.§.≈...
####♣ ### ##...♣....
#§≈.♣♣♣♣♣###### ##≈.†≈.≈≈≈≈


You could see a shambling mangrove (paralysed), a bunyip (catching breath) and 2
hornets.

Vanquished Creatures
  Jorgrun (Orc:1)
  A tentacled monstrosity (Swamp:1)
  Gastronok (Lair:2)
  Kirke (Lair:6)
  Donald (Spider:4)
  3 ghost moths
  6 emperor scorpions
  Louise (Spider:2)
  3 ghouls (Swamp:4)
  The ghost of Pooter the Severer, a journeyman MiMo of Okawaru (Orc:1)
  A hydra zombie (Swamp:4)
  5 eleionomae
  3 dire elephants (Lair:6)
  2 vampire knights (Swamp:4)
  4 entropy weavers
  5 bunyips
  An ettin (Orc:1)
  The ghost of Ydeghy the Slicer, a journeyman OpWr (D:14)
  3 shambling mangroves (Swamp:4)
  2 fire dragons (D:15)
  Josephine (Lair:5)
  The ghost of siradein the Fighter, a journeyman PaFi of Yredelemnul (Lair:1)
  3 vault guards (D:13)
  An ogre mage (D:15)
  5 boulder beetles
  13 hydras
  A ghost crab (Swamp:1)
  A catoblepas (D:14)
  5 centaur warriors
  A death knight (D:13)
  2 tengu warriors
  6 alligators
  8 two-headed ogres
  3 death yaks
  Sonja (Orc:2)
  An orc high priest (Orc:2)
  A spectral death yak (Lair:6)
  8 goliath frogs
  5 spriggan druids
  3 flayed ghosts (Swamp:4)
  An obsidian statue (Lair:6)
  3 spectral hydras (Swamp:4)
  A spectral anaconda (Lair:6)
  7 swamp dragons
  An orange crystal statue (D:9)
  2 phantasmal warriors
  4 bog bodies
  3 wizards
  4 lindwurms (Lair:2)
  7 necromancers
  9 orc knights
  18 orb spiders
  2 deep elf pyromancers
  2 ugly things
  6 orc sorcerers
  23 wolf spiders
  4 cyclopes
  4 manticores
  2 moths of wrath
  2 rust devils (D:10)
  14 elephants (Lair:6)
  3 will-o-the-wisps
  5 black mambas
  2 torpor snails
  2 kobold demonologists
  A gargoyle (D:11)
  2 freezing wraiths (D:13)
  18 cane toads
  3 unseen horrors
  Maggie (D:9)
  3 rime drakes (Lair:3)
  10 komodo dragons
  11 demonic crawlers
  A polar bear (Lair:5)
  6 trolls
  A meliai (shapeshifter) (D:15)
  6 tyrant leeches
  A death drake zombie (Swamp:4)
  28 jumping spiders
  Grinder (D:4)
  12 hornets
  Prince Ribbit (D:5)
  8 slime creatures (D:13)
  4 blink frogs (Lair:3)
  36 yaks
  2 shadows
  35 tarantellas
  7 spriggans
  A vampire (D:9)
  71 redbacks
  6 hogs (Lair:6)
  A dire elephant simulacrum (Lair:6)
  5 wraiths
  A fire bat (shapeshifter) (D:13)
  3 wyverns
  14 humans (D:13)
  6 basilisks
  2 death yak simulacra (Lair:6)
  25 vampire mosquitoes
  14 swamp worms
  4 wargs
  2 acid dragons (D:10)
  A spectral cane toad (Lair:6)
  9 water moccasins
  2 hydra simulacra (Swamp:4)
  2 sky beasts
  5 swamp drakes
  53 orc warriors
  3 ice beasts
  4 elephant zombies
  2 necrophages (Swamp:4)
  7 ogres
  4 swamp dragon zombies (Swamp:4)
  13 wolves
  6 centaurs
  2 phantoms (D:10)
  A kobold brigand (D:12)
  6 bullfrogs
  A cane toad simulacrum (Lair:6)
  2 scorpions
  A troll zombie (D:10)
  2 water moccasin skeletons (D:6)
  6 electric eels
  5 wights (D:7)
  3 howler monkeys
  3 hounds
  3 centaur zombies
  3 basilisk zombies (Lair:3)
  18 orc priests
  16 jellies
  2 bullfrog skeletons
  A centaur skeleton (D:5)
  4 iguanas
  27 orc wizards
  Crazy Yiuf (D:4)
  Ijyb (D:4)
  4 hell rats (Lair:5)
  2 scorpion zombies (D:5)
  A killer bee zombie (D:6)
  7 ogre zombies (D:10)
  3 howler monkey zombies
  7 gnolls
  7 adders
  A shadow imp (D:7)
  2 ufetubi (D:6)
  An adder skeleton (D:4)
  6 dart slugs
  76 orcs
  6 bats
  8 endoplasms
  A giant cockroach (D:1)
  6 goblins
  4 hobgoblins
  2 jackals (D:4)
  9 kobolds
  3 quokkas
  2 ball pythons
  6 frilled lizards
  3 goblin skeletons (D:10)
  3 goblin zombies (D:10)
  5 hobgoblin zombies (D:10)
  14 orc zombies (D:10)
  3 rats
1011 creatures vanquished.

Vanquished Creatures (others)
  A thorn hunter (Swamp:4)
  A spark wasp (Spider:4)
  A dire elephant (Lair:6)
  A shambling mangrove (Swamp:4)
  A hydra (Lair:3)
  A tengu warrior (D:15)
  A death yak (Lair:6)
  2 orb spiders (Spider:4)
  A necromancer (D:13)
  A wolf spider (Spider:4)
  A cyclops (Orc:1)
  An elephant (Lair:6)
  A black mamba (Lair:1)
  A cane toad (Lair:4)
  6 bloated husks
  2 hornets
  A jumping spider (Spider:4)
  A blink frog (Lair:3)
  A redback (Spider:3)
  2 spriggans
  3 tarantellas
  A human (D:13)
  A vampire mosquito (D:15)
  An orc warrior (D:15)
  2 centaurs
  A gnoll shaman (Orc:1)
  An orc wizard (D:10)
  3 orcs
  4 foxfires (Swamp:4)
  18 fungi
  40 plants
  18 withered plants (Lair:6)
121 creatures vanquished.

Grand Total: 1132 creatures vanquished

Notes
Turn   | Place    | Note
-------+----------+-------------------------------------------
     0 | D:1      | ytrimaz the Demonspawn Fighter began the quest for the Orb.
     0 | D:1      | Reached XP level 1. HP: 18/18 MP: 1/1
   107 | D:1      | Gained mutation: You are partially covered in icy blue
                  | scales. (AC +2) [demonic ancestry]
   107 | D:1      | Reached XP level 2. HP: 24/24 MP: 2/2
   591 | D:1      | Found a faded altar of an unknown god.
   688 | D:1      | Gained mutation: You regenerate a little health from kills.
                  | [demonic ancestry]
   688 | D:1      | Reached XP level 3. HP: 29/29 MP: 3/3
  1287 | D:2      | Gained mutation: You are mostly covered in icy blue scales.
                  | (AC +3) [demonic ancestry]
  1287 | D:2      | Reached XP level 4. HP: 33/35 MP: 4/4
  2535 | D:4      | Noticed a scorpion
  2544 | D:4      | Gained mutation: You have a pair of small antennae on your
                  | head. [demonic ancestry]
  2544 | D:4      | Reached XP level 5. HP: 32/41 MP: 5/5
  2635 | D:4      | Gained mutation: You are completely covered in icy blue
                  | scales. (AC +4, rC+) [demonic ancestry]
  2635 | D:4      | Reached XP level 6. HP: 43/48 MP: 6/6
  2662 | D:4      | Noticed a sky beast
  2684 | D:4      | Killed a sky beast
  3077 | D:4      | Noticed Grinder
  3112 | D:4      | Paralysed by Grinder for 7 turns
  3119 | D:4      | Killed Grinder
  3120 | D:4      | Reached skill level 5 in Axes
  3120 | D:4      | Reached XP level 7. HP: 54/54 MP: 7/7
  3275 | D:4      | Found a runed translucent door.
  3276 | D:4      | Noticed Crazy Yiuf
  3419 | D:4      | Noticed Ijyb
  3427 | D:4      | Killed Ijyb
  3638 | D:4      | Identified the +5 mace "ytrimaz's Foe" {freeze, rPois}
  3640 | D:4      | Identified a scroll of acquirement
  3662 | D:4      | Killed Crazy Yiuf
  3905 | D:5      | Entered Level 5 of the Dungeon
  3978 | D:5      | Noticed Prince Ribbit
  3993 | D:5      | Killed Prince Ribbit
  4150 | D:5      | Reached XP level 8. HP: 56/61 MP: 8/8
  4272 | D:5      | Reached skill level 5 in Armour
  4287 | D:5      | Found a staircase to the Ecumenical Temple.
  4305 | Temple   | Entered the Ecumenical Temple
  4488 | Temple   | Became a worshipper of Ru the Awakened
  4630 | D:5      | Reached skill level 5 in Fighting
  4979 | D:6      | Identified the +0 leather armour of the Heavens {Rampage
                  | rC++ Str-5 Stlth+}
  5533 | D:6      | Found the +8 autumn katana {vorpal, Clar}
  5898 | D:6      | Reached XP level 9. HP: 59/69 MP: 9/9
  6167 | D:6      | Gained mutation: Your cowardice makes you less effective in
                  | combat with threatening foes. [Ru sacrifice]
  6167 | D:6      | Reached * piety under Ru
  8305 | D:8      | Identified the +1 chain mail "Ixotayc" {Rampage rElec Will+
                  | Str+6 Slay-4}
  8386 | D:9      | Got the Grimoire of Evil and Attacks
  8550 | D:9      | Reached skill level 10 in Axes
  8566 | D:9      | Gained mutation: You regenerate health from kills. [demonic
                  | ancestry]
  8566 | D:9      | Reached XP level 10. HP: 69/77 MP: 10/10
  8872 | D:9      | Noticed Maggie
  8897 | D:9      | Killed Maggie
  8907 | D:9      | Gained mutation: You cannot study or cast Ice magic. [Ru
                  | sacrifice]
  8907 | D:9      | Gained mutation: You cannot study or cast Transmutations
                  | magic. [Ru sacrifice]
  8907 | D:9      | Gained mutation: You cannot study or cast Necromancy magic.
                  | [Ru sacrifice]
  8907 | D:9      | Reached ** piety under Ru
  9130 | D:9      | Noticed a two-headed ogre
  9157 | D:9      | Killed a two-headed ogre
  9306 | D:9      | Noticed an orange crystal statue
  9458 | D:9      | Found an opulent altar of Gozag.
  9459 | D:9      | Found a snail-covered altar of Cheibriados.
  9676 | D:9      | Killed an orange crystal statue
  9682 | D:9      | Identified the ring "Xianyn" {Ice rN+ rCorr MP+9}
  9688 | D:9      | Identified the +8 glaive of Jynij {vorpal, rC+}
  9815 | D:10     | Entered Level 10 of the Dungeon
  9815 | D:10     | Noticed a deep elf pyromancer
  9834 | D:10     | Killed a deep elf pyromancer
 10109 | D:10     | Noticed a rust devil
 10109 | D:10     | Noticed a rust devil
 10127 | D:10     | Killed a rust devil
 10129 | D:10     | Killed a rust devil
 10130 | D:10     | Gained mutation: You have a pair of antennae on your head.
                  | [demonic ancestry]
 10130 | D:10     | Reached XP level 11. HP: 86/86 MP: 11/11
 10561 | D:10     | Found a staircase to the Orcish Mines.
 10750 | D:10     | Noticed a two-headed ogre
 10763 | D:10     | Killed a two-headed ogre
 10859 | D:10     | Found a staircase to the Lair.
 10957 | D:10     | Acquired a manual of Armour
 10961 | D:10     | Acquired 810 gold pieces
 11026 | D:10     | Gained mutation: You cannot train Dodging skill. [Ru
                  | sacrifice]
 11026 | D:10     | Reached *** piety under Ru
 11255 | D:11     | Noticed a tengu warrior
 11264 | D:11     | Killed a tengu warrior
 11429 | D:11     | Noticed an eight-headed hydra
 11443 | D:11     | Killed an eight-headed hydra
 11681 | D:11     | Noticed a two-headed ogre
 11689 | D:11     | Killed a two-headed ogre
 11789 | D:11     | Reached skill level 10 in Armour
 11826 | D:12     | Noticed a centaur warrior
 11831 | D:12     | Killed a centaur warrior
 11901 | D:12     | Reached XP level 12. HP: 95/95 MP: 12/12
 12304 | D:12     | Found a sparkling altar of Nemelex Xobeh.
 12345 | D:12     | Noticed a boulder beetle
 12385 | D:12     | Killed a boulder beetle
 13161 | D:13     | Gained mutation: You are hated by all. [Ru sacrifice]
 13161 | D:13     | Reached **** piety under Ru
 13161 | D:13     | Reached ***** piety under Ru
 13494 | D:13     | Noticed a death knight
 13496 | D:13     | Reached skill level 10 in Fighting
 13501 | D:13     | Killed a death knight
 13597 | D:13     | Identified the ring of Facwaygu {Wiz rF+ rC+}
 13669 | D:13     | Noticed a vault guard
 13708 | D:13     | Killed a vault guard
 13740 | D:13     | Reached skill level 15 in Axes
 13759 | D:13     | Noticed a vault guard
 13782 | D:13     | Killed a vault guard
 13791 | D:13     | Noticed a vault guard
 13809 | D:13     | Reached XP level 13. HP: 91/104 MP: 10/13
 13903 | D:13     | Found a gate to the Vaults.
 14382 | D:14     | Found a runed translucent gate.
 14382 | D:14     | Found a runed translucent gate.
 14382 | D:14     | Found a runed translucent gate.
 14390 | D:14     | Noticed Ydeghy's ghost (journeyman OpWr)
 14501 | D:14     | Killed Ydeghy's ghost
 14513 | D:14     | Identified the +2 broad axe of Xobb {flame, rC+ Will+}
 15114 | D:15     | Entered Level 15 of the Dungeon
 15244 | D:15     | Gained mutation: You cannot study or use magical devices.
                  | [Ru sacrifice]
 15244 | D:15     | Reached ****** piety under Ru
 15252 | D:15     | Noticed a fire dragon
 15253 | D:15     | Noticed a fire dragon
 15259 | D:15     | Killed a fire dragon
 15262 | D:15     | Killed a fire dragon
 15305 | D:15     | Found a staircase to the Depths.
 15375 | D:15     | Found a radiant altar of Vehumet.
 16256 | D:10     | Gained mutation: Your flesh is cold resistant. (rC+)
                  | [potion of mutation]
 16256 | D:10     | Gained mutation: You have a pair of large antennae on your
                  | head. (SInv) [potion of mutation]
 16258 | Orc:1    | Entered Level 1 of the Orcish Mines
 16300 | Orc:1    | Noticed Pooter's ghost (journeyman MiMo)
 16303 | Orc:1    | Noticed an ettin
 16329 | Orc:1    | Found a runed translucent gate.
 16329 | Orc:1    | Found a runed translucent gate.
 16330 | Orc:1    | Found a runed translucent gate.
 16347 | Orc:1    | Gained mutation: Your magical and physical power is
                  | slightly enhanced at high health. [demonic ancestry]
 16347 | Orc:1    | Reached XP level 14. HP: 98/105 MP: 14/14
 16361 | Orc:1    | Killed Pooter's ghost
 16362 | Orc:1    | Noticed Jorgrun
 16379 | Orc:1    | Killed Jorgrun
 16408 | Orc:1    | Got the Grimoire of Damaging Envenoming
 16757 | Orc:2    | Entered Level 2 of the Orcish Mines
 16974 | Orc:2    | Reached skill level 5 in Shields
 16999 | Orc:2    | Noticed Sonja
 17007 | Orc:2    | Killed Sonja
 17131 | Orc:2    | Found a staircase to the Elven Halls.
 17401 | Orc:2    | Found a runed translucent door.
 17471 | Orc:2    | Found Ihuatas's Distillery.
 17471 | Orc:2    | Found Saedayla's Distillery.
 17473 | Orc:2    | Found Catuny's Antique Armour Emporium.
 17475 | Orc:2    | Found Gavvenor's Jewellery Shop.
 17480 | Orc:2    | Bought a potion of heal wounds for 85 gold pieces
 17480 | Orc:2    | Bought a potion of curing for 51 gold pieces
 17480 | Orc:2    | Bought a potion of heal wounds for 85 gold pieces
 17480 | Orc:2    | Bought a potion of mutation for 136 gold pieces
 17480 | Orc:2    | Bought a potion of haste for 170 gold pieces
 17480 | Orc:2    | Bought a potion of might for 68 gold pieces
 17480 | Orc:2    | Bought a potion of might for 68 gold pieces
 17627 | Orc:2    | Paralysed by an orc sorcerer for 7 turns
 17817 | Lair:1   | Entered Level 1 of the Lair of Beasts
 18046 | Lair:1   | Found a large runed translucent door.
 18046 | Lair:1   | Found a large runed translucent door.
 18053 | Lair:1   | Noticed siradein's ghost (journeyman PaFi)
 18053 | Lair:1   | Found the +18 shield of the Gong {rElec rN+ Will+ EV-5}
 18083 | Lair:1   | Killed siradein's ghost
 18719 | Lair:2   | Noticed Gastronok
 18736 | Lair:2   | Killed Gastronok
 18819 | Lair:2   | Found a staircase to the Swamp.
 18872 | Lair:2   | Found a hole to the Spider Nest.
 19396 | Lair:2   | Identified the +4 quarterstaff "Sefosu Yxua" {elec, rPois
                  | Int+9 Stlth-}
 19399 | Lair:2   | Identified the ring "Qalycapi" {rC+ rCorr Str-3 Dex+4 SInv}
 19667 | Lair:3   | Found a transporter.
 19693 | Lair:3   | Noticed Strewth's ghost (journeyman MiBe)
 19744 | Lair:3   | Found a transporter.
 19799 | Lair:3   | Gained mutation: You sometimes gain a little power by
                  | taking damage. [demonic ancestry]
 19799 | Lair:3   | Reached XP level 15. HP: 112/122 MP: 15/15
 20898 | Lair:5   | Found a staircase to the Slime Pits.
 21297 | Lair:5   | Noticed Josephine
 21304 | Lair:5   | Killed Josephine
 21870 | Lair:6   | Entered Level 6 of the Lair of Beasts
 21872 | Lair:6   | Noticed Kirke
 21881 | Lair:6   | Killed Kirke
 22946 | Lair:5   | Acquired 952 gold pieces
 23360 | Spider:1 | Entered Level 1 of the Spider Nest
 23536 | Spider:1 | HP: 5/121 [entropy weaver (6)]
 23538 | Spider:1 | Reached skill level 15 in Armour
 23549 | Spider:1 | Reached XP level 16. HP: 58/123 MP: 8/16
 23579 | Spider:1 | Reached skill level 15 in Fighting
 24936 | Spider:2 | Noticed Louise
 24954 | Spider:2 | Killed Louise
 25504 | Spider:2 | Identified the +11 scythe of False Hope {freeze, +Blink
                  | Int+6 Dex-5 Stlth+}
 26517 | Spider:4 | Entered Level 4 of the Spider Nest
 26610 | Spider:4 | Got a gossamer rune of Zot
 26941 | Spider:4 | Noticed Donald
 26951 | Spider:4 | Killed Donald
 27009 | Spider:4 | Mutation became permanent: You have a pair of antennae on
                  | your head. [demonic ancestry]
 27009 | Spider:4 | Gained mutation: You have a pair of large antennae on your
                  | head. (SInv) [demonic ancestry]
 27009 | Spider:4 | Reached XP level 17. HP: 110/147 MP: 17/17
 27174 | Spider:4 | Found a runed translucent gate.
 27174 | Spider:4 | Found a runed translucent gate.
 27174 | Spider:4 | Found a runed translucent gate.
 27175 | Spider:4 | Noticed Zogeunol's ghost (adept VSFi)
 27636 | Swamp:1  | Entered Level 1 of the Swamp
 28092 | Swamp:1  | Noticed a tentacled monstrosity
 28104 | Swamp:1  | Killed a tentacled monstrosity
 29155 | Swamp:3  | Reached skill level 10 in Shields
 29443 | Swamp:4  | Entered Level 4 of the Swamp
 30092 | Swamp:4  | Got a decaying rune of Zot
 30150 | Swamp:4  | Gained mutation: You sometimes gain power by taking damage.
                  | [demonic ancestry]
 30150 | Swamp:4  | Reached XP level 18. HP: 34/131 MP: 18/18
 30155 | Swamp:4  | Paralysed by a hornet for 2 turns
 30156 | Swamp:4  | HP: 6/135 [bunyip[a spriggan druid] (18)]
 30156 | Swamp:4  | Demolished by a bunyip

Illustrated notes

Levels and vault maps discovered:
D:1:      sevenhm_arrival_forest_fort_large_2, layout_basic,
          ebering_ecumenical_altar_mist, chequers_mini_garden
D:2:      layout_rooms, eino_tiny_chamber
D:3:      layout_basic
D:4:      layout_basic, nrook_loot_triangle, uniq_grinder, uniq_ijyb,
          uniq_crazy_yiuf_cottage
D:5:      layout_basic, minmay_temple_entry_glassed_door, uniq_prince_ribbit1
D:6:      layout_gridville, kennysheep_potato
D:7:      layout_layer_cave
D:8:      minmay_flawed_box, layout_gridville, minivault_1
D:9:      layout_irregular_city, gammafunk_temple_overflow_statue, minivault_15,
          kb_lookout_dungeons_type, uniq_maggie
D:10:     cheibrodos_iron_armory, layout_long_grid, erik_lair_orcish_takeover,
          zombieorc2_lemuel
D:11:     wad_cavern_with_rooms, layout_gridville, minmay_stone_trees_medium
D:12:     layout_stronghold, nemelex_lonely_heart_becter
D:13:     layout_grid_maze, grunt_vaults_entry_tiered
D:14:     layout_roguey, serial_park_paths [serial_park_minivault_5x5_7],
          gammafunk_ghost_hydra_chop
D:15:     grunt_enter_depths_hoard, layout_long_grid, serial_park_avenue1,
          nicolae_vehumet_altar_sigil
Temple:   regret_index_temple_chain_breaker
Lair:1:   layout_loops_ring, ebering_ghost_disaster_area, grunt_megastairs_5
Lair:2:   layout_gridlike, minmay_swamp_entry_swarm,
          spider_nest_entry_web_field, minmay_lindwurm_lava, lemuel_fruit_tree,
          infiniplex_staircase_pool, uniq_gastronok
Lair:3:   pond_and_an_island_with_a_cottage, layout_regular_city,
          gammafunk_ghost_abyssal_escape, grunt_megastairs_4
Lair:4:   layout_roguey, beast_lair_carwin_10
Lair:5:   layout_cave_pods, minmay_slime_entry_jelly_boxes, uniq_josephine
Lair:6:   due_jungle_book, layout_loops_ring, infiniplex_staircase_pool_2,
          uniq_kirke
Swamp:1:  layout_basic_swamp, evilmike_swamp_ruin_house_5
Swamp:2:  layout_falls_marsh, nicolae_swamp_dense_foliage
Swamp:3:  layout_falls_marsh, evilmike_swamp_ruin_house_6
Swamp:4:  byrel_swamp_growth_death_and_undeath, layout_basic_swamp
Spider:1: layout_chambers
Spider:2: layout_chambers, hangedman_spider_trapstep,
          hangedman_spider_tarantella_strand, uniq_louise
Spider:3: layout_spider_delve
Spider:4: grunt_spider_rune_parallel, ebering_ghost_rock_garden, uniq_donald
Orc:1:    layout_diamond_mine, gammafunk_ghost_split, uniq_jorgrun
Orc:2:    st_orc_rangers, layout_caves, statue_in_the_mist_lemuel,
          lightli_church_of_beogh, uniq_sonja

Skill      XL: |  1  2  3  4  5  6  7  8  9 10 11 12 13 14 15 16 17 |
---------------+----------------------------------------------------+-----
Shields        | 3 4 5 6 9 10 | 10.7
Axes           | 2 3 5 6 8 10 11 13 15 16 17 18 | 18.7
Armour         | 3 4 5 6 7 10 12 13 14 15 16 | 16.4
Fighting       | 4 5 6 8 9 10 11 13 14 17 18 | 18.9

Action                   |  1- 3 |  4- 6 |  7- 9 | 10-12 | 13-15 | 16-18 || total
-------------------------+-------+-------+-------+-------+-------+-------++-------
Melee: War axe           |   101 |    97 |   112 |       |       |       ||   310
       Unarmed           |       |       |     5 |       |       |       ||     5
       Broad axe         |       |       |   210 |   757 |   995 |   839 ||  2801
       Mace              |       |       |       |    12 |    31 |       ||    43
Invok: Sacrifice Courage |       |       |     1 |       |       |       ||     1
       Sacrifice Arcana  |       |       |       |     1 |       |       ||     1
       Sacrifice Nimblen |       |       |       |     1 |       |       ||     1
       Power Leap        |       |       |       |     2 |     4 |    10 ||    16
       Apocalypse        |       |       |       |     1 |     7 |     3 ||    11
       Sacrifice Love    |       |       |       |     1 |       |       ||     1
       Sacrifice Artific |       |       |       |       |     1 |       ||     1
       Draw Out Power    |       |       |       |       |       |     3 ||     3
Evoke: Wand              |       |       |       |     4 |       |       ||     4
  Use: Scroll            |     4 |     9 |    10 |     5 |     6 |     5 ||    39
       Potion            |       |     2 |       |     5 |     3 |    11 ||    21
 Stab: Invisible         |       |       |       |     3 |    13 |    28 ||    44
       Distracted        |       |       |       |     5 |     7 |     2 ||    14
       Paralysed         |       |       |       |     9 |    38 |    12 ||    59
Armor: Scale mail        |    72 |    55 |    74 |       |       |       ||   201
       Skin              |       |       |     1 |       |       |       ||     1
       Plate armour      |       |       |   168 |   674 |   668 |   382 ||  1892
       Swamp dragon scal |       |       |       |       |    45 |   448 ||   493
Dodge: Dodged            |    50 |    47 |   115 |   194 |   339 |   451 ||  1196
Block: Buckler           |    19 |    16 |    85 |   189 |   206 |   214 ||   729
       Reflection        |       |       |       |     3 |       |       ||     3

Table legend: (Time is in decaauts)
 A = Elapsed time spent in this place.
 B = Non-inter-level travel time spent in this place.
 C = Inter-level travel time spent in this place.
 D = Time resting spent in this place.
 E = Time spent auto-exploring this place.
 F = Levels seen in this place.
 G = Mean time per level.
                   A        B        C        D        E       F      G
               +--------+--------+--------+--------+--------+-----+--------+
         Total |  29944 |  28420 |   1524 |   1119 |  20443 |  32 |  935.8 |
       Dungeon |  16236 |  15402 |    834 |    665 |  11206 |  15 | 1082.4 |
        Temple |    188 |    184 |      4 |      0 |    120 |   1 |  188.0 |
          Lair |   5383 |   4954 |    429 |      0 |   3827 |   6 |  897.2 |
         Swamp |   2532 |   2492 |     40 |    243 |   1494 |   4 |  633.0 |
   Spider Nest |   4117 |   3957 |    160 |    143 |   2921 |   4 | 1029.2 |
  Orcish Mines |   1485 |   1430 |     55 |     68 |    874 |   2 |  742.5 |
               +--------+--------+--------+--------+--------+-----+--------+

Top non-repeatable levels by time:
     D:9: 1516 daAuts
     D:4: 1415 daAuts
    D:13: 1357 daAuts
     D:7: 1333 daAuts
     D:6: 1283 daAuts
Spider:2: 1265 daAuts
Spider:1: 1263 daAuts
    D:10: 1214 daAuts
  Lair:6: 1182 daAuts
    D:12: 1149 daAuts
    D:15: 997 daAuts
  Lair:2: 996 daAuts
  Lair:5: 994 daAuts
Spider:4: 969 daAuts
     D:3: 961 daAuts
